 Dungeon Crawl Stone Soup version 0.24.0-123-gd5b16e6ec5 (webtiles) character file.

Game seed: 12668096737668955152, levelgen mode: deterministic

177 FishyPogo the Skirmisher (level 5, -1/43 HPs)
             Began as a Demonspawn Wizard on Jan 3, 2020.
             Was an Initiate of Makhleb.
             Slain by a worker ant (3 damage)
             ... on level 4 of the Dungeon.
             The game lasted 00:10:46 (3344 turns).

FishyPogo the Skirmisher (Demonspawn Wizard)        Turns: 3344, Time: 00:10:46

Health: -1/43      AC:  5    Str:  8    XL:     5   Next: 30%
Magic:  2/9        EV: 11    Int: 19    God:    Makhleb [......]
Gold:   102        SH:  3    Dex: 12    Spells: 2/10 levels left

rFire    . . .     SeeInvis .   e - +0 short sword
rCold    . . .     Gourm    .   t - +0 buckler
rNeg     . . .     Faith    .   a - +0 robe
rPois    .         Spirit   .   b - +0 hat
rElec    .         Reflect  .   (no cloak)
rCorr    .         Harm     .   (no gloves)
MR       .....                  o - +0 pair of boots
Stlth    ++........             p - amulet of rage
HPRegen  0.14/turn              (no ring)
MPRegen  0.11/turn              (no ring)

@: lethally poisoned (-1 -> -25), very slightly contaminated
A: iridescent scales 1, powered by pain 1
a: Renounce Religion, Evoke Berserk Rage


You were on level 4 of the Dungeon.
You worshipped Makhleb.
Makhleb was noncommittal.
You were not hungry.

You visited 1 branch of the dungeon, and saw 4 of its levels.

You collected 102 gold pieces.

Inventory:

Hand Weapons
 e - a +0 short sword (weapon)
Missiles
 k - 164 stones (quivered)
Armour
 a - a +0 robe (worn)
 b - a +0 hat (worn)
 o - a +0 pair of boots (worn)
 t - a +0 buckler (worn)
Jewellery
 p - an amulet of rage (around neck)
Scrolls
 j - a scroll of magic mapping {unknown}
 l - a scroll of amnesia
 n - a scroll of fear {unknown}
 q - 2 scrolls of identify
 r - a scroll of remove curse
 u - a scroll of fog {unknown}
Potions
 c - a potion of curing {unknown}
 f - a potion of resistance
 g - a potion of mutation {unknown}
 h - a potion of lignification {unknown}
 i - 2 potions of heal wounds {unknown}
 m - a potion of flight {unknown}
Comestibles
 d - 10 rations


   Skills:
 + Level 4.7 Fighting
 - Level 2.0 Dodging
 - Level 2.0 Stealth
 * Level 0.0 Shields
 - Level 3.0 Spellcasting
 + Level 1.2 Conjurations
 - Level 1.0 Summonings
 - Level 1.0 Translocations


You had 2 spell levels left.
You knew the following spells:

 Your Spells              Type           Power        Failure   Level  Hunger
a - Magic Dart            Conj           #...         16%         1    None
c - Mephitic Cloud        Conj/Pois/Air  #.......     54%         3    ###....
k - Blink                 Tloc           N/A          26%         2    ##.....
n - Call Imp              Summ           #.......     26%         2    ##.....

Your spell library contained the following spells:

 Spells                   Type           Power        Failure   Level  Hunger
 Confusing Touch          Hex            #.....       26%         1    None
 Slow                     Hex            #.......     36%         2    ##.....
 Gell's Gravitas          Tloc           #.........   45%         3    ###....
 Conjure Flame            Conj/Fire      #.......     52%         3    ###....
 Confuse                  Hex            #.......     58%         3    ###....
 Petrify                  Tmut/Erth      #.......     94%         4    ####...
 Metabolic Englaciation   Hex/Ice        #.........   100%        5    ######.
 Yara's Violent Unravell  Hex/Tmut       #.........   100%        5    ######.


Dungeon Overview and Level Annotations

Branches:
Dungeon (4/15)
 Temple: D:4-7

Altars:
Cheibriados
Makhleb
Nemelex Xobeh
Ru
Vehumet
Wu Jian
Zin
The Shining One


Innate Abilities, Weirdness & Mutations

You are partially covered in iridescent scales. (AC +2)
You sometimes gain a little power by taking damage.


Message History

Aiming: Magic Dart (safe; 16% risk of failure)
Press: ? - help, Shift-Dir - straight line, f/p - worker ant
Aim: a worker ant (almost dead)
The magic dart hits the worker ant but does no damage.
The worker ant is almost dead.
* * * LOW HITPOINT WARNING * * *
You feel sick. The worker ant bites you.
* * * LOW HITPOINT WARNING * * *
You are more poisoned.
The worker ant poisons you!
Casting: Magic Dart (safe; 16% risk of failure)
Confirm with . or Enter, or press ? or * to list all spells.
Aiming: Magic Dart (safe; 16% risk of failure)
Press: ? - help, Shift-Dir - straight line, f/p - worker ant
Aim: a worker ant (almost dead)
The magic dart hits the worker ant.
The worker ant is almost dead.
* * * LOW HITPOINT WARNING * * *
You feel sick. The worker ant bites you.
You die...

############
#..........#
#.########.#
#.# #.#
######.######
#.########
...<........#
#.@a......
#####..####.#
#..#######
#.## #... #.#
##.## #.# #.#
#.# #.# #.#
#.. #.# #..
#.#


You could see a worker ant.

Vanquished Creatures
  Jessica (D:3)
  Natasha (twice) (D:2)
  2 adders (D:3)
  An ooze (D:1)
  A dart slug (D:1)
  2 leopard geckos
  7 bats
  3 giant cockroaches
  5 hobgoblins
  2 jackals (D:2)
  5 kobolds
  3 quokkas
  3 frilled lizards (D:1)
  10 goblins
  15 rats
62 creatures vanquished.

Vanquished Creatures (collateral kills)
  Natasha (D:2)
  A worm (D:2)
  2 orcs (D:3)
  2 goblins (D:3)
  2 jackals (D:2)
  A quokka (D:3)
  A kobold (D:3)
10 creatures vanquished.

Grand Total: 72 creatures vanquished

Notes
Turn   | Place    | Note
-------+----------+-------------------------------------------
     0 | D:1      | FishyPogo the Demonspawn Wizard began the quest for the
                  | Orb.
     0 | D:1      | Reached XP level 1. HP: 13/13 MP: 4/4
    78 | D:1      | Reached skill level 1 in Fighting
    78 | D:1      | Gained mutation: You are partially covered in iridescent
                  | scales. (AC +2) [demonic ancestry]
    78 | D:1      | Reached XP level 2. HP: 10/21 MP: 1/6
   507 | D:1      | Learned a level 2 spell: Call Imp
   564 | D:1      | Reached skill level 2 in Fighting
   849 | D:1      | Reached XP level 3. HP: 28/28 MP: 0/7
  1621 | D:2      | Found a radiant altar of Vehumet.
  1622 | D:2      | Found a burning altar of Makhleb.
  1726 | D:2      | Reached skill level 3 in Fighting
  2130 | D:3      | Gained mutation: You sometimes gain a little power by
                  | taking damage. [demonic ancestry]
  2130 | D:3      | Reached XP level 4. HP: 35/35 MP: 3/8
  2131 | D:3      | Found a glowing silver altar of Zin.
  2201 | D:2      | Became a worshipper of Makhleb the Destroyer
  2423 | D:2      | Noticed Natasha
  2431 | D:2      | Killed Natasha
  2527 | D:2      | Noticed Natasha
  2536 | D:2      | Killed Natasha
  2536 | D:2      | Reached skill level 4 in Fighting
  2717 | D:2      | Noticed Natasha
  2727 | D:2      | Killed Natasha
  2727 | D:2      | Reached XP level 5. HP: 34/43 MP: 1/9
  2831 | D:3      | Found a sacrificial altar of Ru.
  2860 | D:3      | Found a glowing golden altar of the Shining One.
  2889 | D:3      | Learned a level 3 spell: Mephitic Cloud
  2892 | D:3      | Learned a level 2 spell: Blink
  2924 | D:3      | Noticed Jessica
  2939 | D:3      | Killed Jessica
  2939 | D:3      | Reached skill level 1 in Translocations
  3276 | D:3      | Found a snail-covered altar of Cheibriados.
  3278 | D:3      | Found a sparkling altar of Nemelex Xobeh.
  3280 | D:3      | Found an ornate altar of the Wu Jian Council.
  3344 | D:4      | HP: 2/43 [poisoned by a worker ant]
  3344 | D:4      | Slain by a worker ant

Levels and vault maps discovered:
D:1:      scummos_arrival_hexagon, layout_basic
D:2:      layout_loops_cross, nicolae_overflow_hidden_temple, uniq_natasha
D:3:      layout_basic, lemuel_round_altar, lemuel_crystal_altar,
          gammafunk_temple_overflow_forgotten, lemuel_doored_altar,
          first_ration, minivault_11, grunt_ministairs_9, minmay_crystal_room,
          kennysheep_jessica_study
D:4:      layout_loops_ring, patterned_corridor

Skill      XL: |  1  2  3  4  5 |
---------------+----------------+-----
Fighting       | 1 2 3 4 |  4.7
Dodging        | 2 |  2.0
Stealth        | 2 |  2.0
Translocations | 1 |  1.0
Spellcasting   | |  3.0
Conjurations   | |  1.2
Summonings     | |  1.0

Action                   |  1- 3 |  4- 6 || total
-------------------------+-------+-------++-------
Melee: Short sword       |    56 |    48 ||   104
       Unarmed           |     3 |       ||     3
       Dagger            |    89 |       ||    89
 Cast: Magic Dart        |   107 |    37 ||   144
       Call Imp          |     7 |    12 ||    19
  Use: Scroll            |     3 |     1 ||     4
 Stab: Distracted        |       |     1 ||     1
       Sleeping          |       |     1 ||     1
  Eat: Chunk             |     4 |     5 ||     9
Armor: Robe              |    60 |    11 ||    71
Dodge: Dodged            |   119 |    33 ||   152
